 Dungeon Crawl Stone Soup version 0.26.0-10-g1f06aea511 (webtiles) character file.

Game seed: 5929137665509095289

151 Arum the Shield-Bearer (level 5, -1/38 (42) HPs)
             Began as a Formicid Fighter on Jan 21, 2021.
             Was a Follower of Makhleb.
             Slain by a wight
             ... wielding a +3 flail of freezing
              (2 damage)
             ... on level 3 of the Dungeon.
             The game lasted 00:02:35 (2000 turns).

Arum the Shield-Bearer (Formicid Fighter)           Turns: 2000, Time: 00:02:36

HP:   -1/38 (42)    AC:  7    Str: 22    XL:     5   Next: 59%
MP:   5/5           EV: 12    Int:  7    God:    Makhleb [*.....]
Gold: 117           SH: 10    Dex: 10    Spells: 4/4 levels left

rFire    . . .     SeeInvis +   a - +0 war axe
rCold    . . .     Faith    .   c - +0 kite shield
rNeg     . . .     Spirit   .   b - +0 scale mail
rPois    .         Reflect  .   (helmet unavailable)
rElec    .         Harm     .   (no cloak)
rCorr    .         Rampage  .   (no gloves)
Will     .....                  (no boots)
Stlth    ..........             (no amulet)
HPRegen  0.12/turn              i - ring of wizardry
MPRegen  0.09/turn              k - +4 ring of evasion

@: drained
A: permanent stasis, dig shafts and tunnels, four strong arms, antennae 3
a: Dig, Shaft Self, Renounce Religion


You were on level 3 of the Dungeon.
You worshipped Makhleb.
Makhleb was aware of your devotion.
You visited 1 branch of the dungeon, and saw 3 of its levels.

You collected 117 gold pieces.

Inventory:

Hand Weapons
 a - a +0 war axe (weapon)
Armour
 b - a +0 scale mail (worn)
 c - a +0 kite shield (worn)
Jewellery
 i - a ring of wizardry (left hand)
 k - a +4 ring of evasion (right hand)
Wands
 j - a wand of digging (1)
Scrolls
 e - a scroll of fog {unknown}
 f - 4 scrolls of identify {unknown}
 g - a scroll of enchant weapon {unknown}
 h - a scroll of fear {unknown}
 l - a scroll of teleportation {unknown}
 n - a scroll of amnesia {unknown}
Potions
 d - 4 potions of might
 m - a potion of lignification {unknown}


   Skills:
 + Level 4.2 Fighting
 + Level 3.1 Axes
 + Level 4.3 Armour
 + Level 4.7 Shields


You had 4 spell levels left.
You didn't know any spells.
Your spell library was empty.

Dungeon Overview and Level Annotations

Branches:
Dungeon (3/15)

Altars:
Dithmenos
Makhleb
Okawaru
Zin


Innate Abilities, Weirdness & Mutations

You cannot be hasted, slowed, berserked, paralysed or teleported.
You can dig through walls and to a lower floor.
Your four strong arms can wield two-handed weapons with a shield.
You have a pair of large antennae on your head. (SInv)


Message History

* * * LOW HITPOINT WARNING * * *
You block the wight's attack. The wight misses you.
Your scale mail prevents you from hitting the wight.
The wight is almost destroyed.
You barely miss the wight.
The wight hits you with a cursed +0 war axe.
* * * LOW HITPOINT WARNING * * *
You feel drained. You block the wight's attack.
Unknown command.
You barely miss the wight.
The wight is almost destroyed.
You closely miss the wight. You block the wight's attack.
The wight hits you but does no damage.
You hit the wight but do no damage.
The wight is almost destroyed.
You hit the wight. The wight completely misses you.
The wight hits you with a +3 flail of freezing.
* * * LOW HITPOINT WARNING * * *
You feel drained.
You die...

{
#.#.......#.######
#.#..##.(...†.....
#.#..##.###.#####.
#.#..##(# #.# #.
########.#..##(#
#.# #.
#......#.#..##(#
#.# #. ######
#.####.#.#..##(#
#.#####. ......
#.# #.#z#..##.#
#.......
#########.#
#.#@z...#.#
########
........).#
#.#######)#
#########.#
#.........# ###
########### { {{ {
{{


You could see 2 wights.

Vanquished Creatures
  A wight (D:3)
  Robin (D:2)
  3 adders
  An ooze (D:1)
  3 dart slugs
  A leopard gecko (D:3)
  5 giant cockroaches
  7 hobgoblins
  8 jackals
  A quokka (D:2)
  A ball python (D:2)
  2 bats (D:1)
  11 goblins (D:2)
  12 kobolds
  6 rats
63 creatures vanquished.

Vanquished Creatures (others)
  5 toadstools (D:3)
5 creatures vanquished.

Grand Total: 68 creatures vanquished

Notes
Turn   | Place    | Note
-------+----------+-------------------------------------------
     0 | D:1      | Arum the Formicid Fighter began the quest for the Orb.
     0 | D:1      | Reached XP level 1. HP: 18/18 MP: 1/1
    77 | D:1      | Reached XP level 2. HP: 14/24 MP: 2/2
   321 | D:1      | Reached XP level 3. HP: 22/29 MP: 3/3
   626 | D:2      | Reached XP level 4. HP: 27/37 MP: 4/4
   803 | D:2      | Found a burning altar of Makhleb.
   807 | D:2      | Became a worshipper of Makhleb the Destroyer
   827 | D:2      | Found a shadowy altar of Dithmenos.
   909 | D:2      | Noticed Robin
   934 | D:2      | Killed Robin
  1095 | D:2      | Found a glowing silver altar of Zin.
  1190 | D:2      | Reached * piety under Makhleb
  1558 | D:3      | Reached XP level 5. HP: 41/42 MP: 5/5
  1675 | D:3      | Found an iron altar of Okawaru.
  1691 | D:3      | HP: 2/41 [wight/cursed +0 war axe (12)]
  2000 | D:3      | HP: 1/39 [wight/+3 flail of freezing (6)]
  2000 | D:3      | Slain by a wight

Illustrated notes

Levels and vault maps discovered:
D:1:      co_arrival_square_in_a_square_in_a_square, layout_rooms,
          supply_closet_lemuel, serial_park_tiny_1
D:2:      layout_loops_cross, bloody_makhleb, lemuel_doored_altar,
          grunt_dithmenos_smoke_and_mirrors, uniq_robin
D:3:      cheibrodos_fertilizer, layout_basic, okawaru_trees_1, uniq_jessica,
          uniq_ijyb

Skill      XL: |  1  2  3  4  5 |
---------------+----------------+-----
Shields        | 4 |  4.7
Armour         | 4 |  4.3
Fighting       | 4 |  4.2
Axes           | 3 |  3.1

Action                   |  1- 3 |  4- 6 || total
-------------------------+-------+-------++-------
Melee: War axe           |    61 |   114 ||   175
 Abil: Dig               |       |     1 ||     1
Armor: Scale mail        |    28 |    45 ||    73
Dodge: Dodged            |    24 |    60 ||    84
Block: Kite shield       |    31 |    64 ||    95
